 Dungeon Crawl Stone Soup version 0.25.1-2-g60ff931df9 (webtiles) character file.

Game seed: 2302721059662478911

102 flotson the Skirmisher (level 4, -1/34 HPs)
             Began as a Demonspawn Wanderer on Oct 11, 2020.
             Slain by Crazy Yiuf
             ... wielding a +4 quarterstaff of chaos
              (3 damage)
             ... on level 3 of the Dungeon.
             The game lasted 00:03:46 (2320 turns).

flotson the Skirmisher (Demonspawn Wanderer)        Turns: 2320, Time: 00:03:47

Health: -1/34      AC: 10    Str: 10 (13) XL:     4   Next: 50%
Magic:  0/4        EV:  8    Int: 10 (12) God:
Gold:   88         SH:  0    Dex: 12 (14) Spells: 3/3 levels left

rFire    . . .     SeeInvis .   a - +0 quarterstaff
rCold    . . .     Gourm    .   (shield currently unavailable)
rNeg     . . .     Faith    .   b - +2 scale mail
rPois    .         Spirit   +   m - +0 helmet
rElec    .         Reflect  .   (no cloak)
rCorr    .         Harm     .   (no gloves)
MR       .....                  l - +0 pair of boots
Stlth    ++........             p - amulet of magic regeneration
HPRegen  0.11/turn              (no ring)
MPRegen  0.34/turn              (no ring)

@: mighty, flying, lightly drained
A: nightstalker 1, magic shield
a: no special abilities


You were on level 3 of the Dungeon.
You were hungry.

You visited 1 branch of the dungeon, and saw 3 of its levels.

You collected 88 gold pieces.

Inventory:

Hand Weapons
 a - a +0 quarterstaff (weapon)
Missiles
 i - 11 poisoned darts (quivered)
Armour
 b - a +2 scale mail (worn)
 l - a +0 pair of boots (worn)
 m - a +0 helmet (worn)
Jewellery
 p - an amulet of magic regeneration (around neck)
Scrolls
 d - 7 scrolls of teleportation {unknown}
 e - a scroll of remove curse {unknown}
 g - 2 scrolls of identify {unknown}
 h - a scroll of magic mapping {unknown}
 n - a scroll of fog {unknown}
 o - a scroll of immolation {unknown}
Comestibles
 f - 5 rations


   Skills:
 + Level 2.7(2.5) Fighting
   Level 1.0(0.7) Axes
 + Level 1.5(1.3) Throwing
 + Level 2.5(2.3) Armour
 + Level 1.4(1.2) Dodging
 + Level 2.4(2.2) Stealth
   Level 1.0(0.7) Shields
 - Level 1.0(0.7) Unarmed Combat
   Level 1.0(0.8) Evocations


You had 3 spell levels left.
You didn't know any spells.
Your spell library was empty.

Dungeon Overview and Level Annotations

Branches:
Dungeon (3/15)

Altars:
Cheibriados

Annotations:
D:3 Crazy Yiuf


Innate Abilities, Weirdness & Mutations

You are slightly more attuned to the shadows.
When hurt, damage is shared between your health and your magic reserves.


Message History

Crazy Yiuf is heavily wounded.
Crazy Yiuf says, "Nubble snail unthinkable!"
Crazy Yiuf hits you with a +4 quarterstaff of chaos.
* * * LOW HITPOINT WARNING * * *
Crazy Yiuf grits, "Candle!
Aardvark ena dark."
Crazy Yiuf completely misses you.
You closely miss Crazy Yiuf.
Crazy Yiuf is severely wounded.
Crazy Yiuf hits you with a +4 quarterstaff of chaos.
* * * LOW HITPOINT WARNING * * *
You feel very mighty all of a sudden.
It was a potion of degeneration.
There was something very wrong with that liquid.
You feel weakened.
You feel dopey.
You feel clumsy. Crazy Yiuf hits you but does no damage.
It was a potion of flight.
You feel very buoyant.
You fly up into the air.
Crazy Yiuf hits you with a +4 quarterstaff of chaos.
You die...

#..#..#
#(.#..#
#>.#..#
#..#..# #..#
#####..#
.......#
############.#
#....@g.....(#
#.###.########
###


You could see Crazy Yiuf (poisoned).

Vanquished Creatures
  3 gnolls (D:2)
  3 adders (D:2)
  An ooze (D:1)
  A dart slug (D:1)
  A leopard gecko (D:3)
  7 bats
  3 goblins
  7 hobgoblins
  A jackal (D:1)
  A ball python (D:1)
  5 frilled lizards
  7 kobolds
  6 rats
46 creatures vanquished.

Notes
Turn   | Place    | Note
-------+----------+-------------------------------------------
     0 | D:1      | flotson the Demonspawn Wanderer began the quest for the
                  | Orb.
     0 | D:1      | flotson set off with the following items: a +0
                  | quarterstaff, a +2 scale mail, a potion of curing, a +0
                  | dagger, a ration
     0 | D:1      | Reached XP level 1. HP: 16/16 MP: 1/1
   128 | D:1      | Gained mutation: You are slightly more attuned to the
                  | shadows. [demonic ancestry]
   128 | D:1      | Reached XP level 2. HP: 22/22 MP: 2/2
   665 | D:1      | Reached skill level 1 in Throwing
   665 | D:1      | Reached skill level 1 in Dodging
   732 | D:1      | Reached XP level 3. HP: 19/28 MP: 3/3
  1356 | D:2      | Gained mutation: When hurt, damage is shared between your
                  | health and your magic reserves. [demonic ancestry]
  1356 | D:2      | Reached XP level 4. HP: 30/34 MP: 4/4
  2138 | D:2      | Found a snail-covered altar of Cheibriados.
  2274 | D:3      | Found a runed translucent door.
  2275 | D:3      | Noticed Crazy Yiuf
  2315 | D:3      | HP: 1/34 [Crazy Yiuf/+4 quarterstaff of chaos (5)]
  2320 | D:3      | Slain by Crazy Yiuf

Illustrated notes

Levels and vault maps discovered:
D:1:      eino_arrival_water_cross, layout_basic, minmay_ruptured
D:2:      layout_loops_corners, cheibriados_altar_1, minmay_pentomino_r2
D:3:      layout_basic, first_ration, uniq_grinder, uniq_crazy_yiuf_cottage,
          uniq_jessica

Skill      XL: |  1  2 |
---------------+-------+-----
Armour         | 2 |  2.5
Stealth        | 2 |  2.4
Throwing       | 1 |  1.5
Dodging        | 1 |  1.4
Fighting       | |  2.7
Axes           | |  1.0
Shields        | |  1.0
Unarmed Combat | |  1.0
Evocations     | |  1.0

Action                   |  1- 3 |  4- 6 || total
-------------------------+-------+-------++-------
Melee: Quarterstaff      |   123 |    41 ||   164
Throw: Dart              |    12 |     7 ||    19
  Use: Potion            |       |     3 ||     3
 Stab: Sleeping          |     1 |     4 ||     5
  Eat: Chunk             |     2 |     2 ||     4
Armor: Scale mail        |    73 |    21 ||    94
Dodge: Dodged            |    87 |    15 ||   102
